AoeStats
← Tavik

Nomad

508749377Analyzed
2v2 RM · 7d ago on Sep 23, 2026· 47m 43s· 4 players
Game mode
Random Map
Map size
176×176
Population
200
Speed
Normal
Resources
Standard
Victory
Conquest
Starting age
Dark Age
Ending age
Imperial Age
RankedLock teamsTeams togetherTeam positionsShared explorationLock speedFull tech treeHidden civsTurbo modeCheats
Victory
Defeat
🇨🇿 Japanese · Czechia
1308
+15
🇨🇿 Persians · Czechia
1302
+15
🇺🇸 Saxons · United States
1310
-17
🇺🇸 Georgians · United States
1246
-13
ThingsILack
5:52 Loom
13:05 Feudal Age
14:05 Double-Bit Axe
20:06 Castle Age
18:25 Fletching
22:04 Medium Warships
23:29 Horse Collar
24:04 Bodkin Arrow
31:33 Wheelbarrow
33:32 Hand Cart
34:01 Padded Archer Armor
35:05 Scale Mail Armor
35:15 Forging
39:35 Heavy Plow
39:46 Bow Saw
42:48 Imperial Age
40:57 Pikeman
41:37 Squires
41:22 Arson
42:50 Chain Mail Armor
43:10 Iron Casting
44:46 Plate Mail Armor
44:36 Man-at-Arms
45:02 Gambesons
46:01 Conscription
aoedam
5:18 Loom
13:13 Feudal Age
14:09 Feudal Age
16:15 Double-Bit Axe
19:05 Castle Age
18:10 Horse Collar
20:09 Bow Saw
21:43 Wheelbarrow
28:33 Fletching
30:25 Scale Barding Armor
33:37 Wheelbarrow
34:18 Bodkin Arrow
35:41 Chain Barding Armor
36:29 Svan Towers
37:22 Ballistics
36:52 Guard Tower
38:04 Forging
41:24 Imperial Age
40:04 Husbandry
40:15 Bloodlines
40:55 Iron Casting
45:57 Plate Barding Armor
48:02 Blast Furnace
46:27 Cavalier
Melioth
3:22 Loom
13:47 Feudal Age
18:52 Castle Age
17:34 Double-Bit Axe
21:23 Fishing Lines
23:04 Forging
22:59 Scale Barding Armor
22:59 Gold Mining
24:30 Horse Collar
27:46 Iron Casting
27:32 Chain Barding Armor
28:06 Bloodlines
28:47 Husbandry
37:47 Imperial Age
35:50 Heavy Plow
36:03 Bow Saw
36:30 Wheelbarrow
37:55 Gold Shaft Mining
37:10 Stone Mining
37:42 Cavalier
39:08 Plate Barding Armor
40:24 Blast Furnace
40:02 Hand Cart
42:49 Savar
44:38 Crop Rotation
45:12 Two-Man Saw
46:29 Conscription
48:13 Chemistry
Tavik
5:18 Loom
14:48 Feudal Age
19:32 Castle Age
18:03 Double-Bit Axe
19:00 Fletching
20:40 Medium Warships
20:58 Bodkin Arrow
29:26 Bloodlines
30:55 Ballistics
31:29 Thumb Ring
38:34 Imperial Age
39:27 Wheelbarrow
39:43 Kataparuto
42:05 Husbandry
43:54 Bracer
45:23 Parthian Tactics
46:32 Chemistry
46:18 Heavy Cavalry Archer
47:25 Yasama
47:20 Guard Tower
Connection lost

Rejoining the realm…

Still unreachable

The connection could not be restored.

Session expired

The server has moved on; the page needs a fresh start.